 Dungeon Crawl Stone Soup version 0.24-a0-725-gf1a930fc54 (webtiles) character file.

Game seed: 16449923021887700052, levelgen mode: deterministic

2753 robertkovacs the Spear-Bearer (level 10, -1/79 HPs)
             Began as a Formicid Fighter on Oct 1, 2019.
             Was an Initiate of Gozag.
             Shot with a sling bullet by Joseph (4 damage)
             ... on level 7 of the Dungeon.
             The game lasted 00:51:24 (9017 turns).

robertkovacs the Spear-Bearer (Formicid Fighter)    Turns: 9017, Time: 00:51:25

Health: -1/79      AC:  9    Str: 23    XL:     10   Next: 0%
Magic:  10/10      EV:  9    Int:  9    God:    Gozag
Gold:   248        SH: 11    Dex: 10    Spells: 9/9 levels left

rFire    . . .     SeeInvis +   a - +0 trident
rCold    . . .     Gourm    .   c - +0 shield
rNeg     . . .     Faith    .   b - +0 scale mail
rPois    .         Spirit   .   (helmet unavailable)
rElec    .         Reflect  .   k - +0 cloak
rCorr    .         Harm     .   (no gloves)
MR       +....                  (no boots)
Stlth    ..........             (no amulet)
HPRegen  0.23/turn              d - ring of flight
MPRegen  0.12/turn              (no ring)

@: no status effects
A: permanent stasis, dig shafts and tunnels, four strong arms, antennae 3
a: Dig, Shaft Self, Potion Petition, Call Merchant, Bribe Branch, Renounce
Religion, Evoke Flight


You were on level 7 of the Dungeon.
You worshipped Gozag.
Gozag was aware of your devotion.
You were hungry.

You visited 2 branches of the dungeon, and saw 9 of its levels.

You collected 539 gold pieces.
You spent 208 gold pieces at shops.
You paid 83 gold pieces to Gozag.

Inventory:

Hand Weapons
 a - a +0 trident (weapon)
 e - a +0 spear
 h - a +4 battleaxe
 o - a +0 hunting sling
 C - a +5 scimitar
Missiles
 l - 153 stones (quivered)
 x - a throwing net
Armour
 b - a +0 scale mail (worn)
 c - a +0 shield (worn)
 j - a +0 plate armour
 k - a +0 cloak (worn)
 v - a +0 large shield
Magical Staves
 D - an uncursed staff of death {unknown}
Jewellery
 d - a ring of flight (left hand)
Wands
 p - a wand of iceblast (13)
 y - a wand of digging (5)
 z - a wand of acid (7)
Scrolls
 g - a scroll of summoning {unknown}
 i - 3 scrolls of remove curse
 m - a scroll of blinking
 n - a scroll of random uselessness {unknown}
 q - 2 scrolls of enchant weapon {unknown}
 r - 3 scrolls of enchant armour
 s - a scroll of fear {unknown}
 t - 2 scrolls of magic mapping {unknown}
 u - a scroll of immolation {unknown}
 A - 3 scrolls of identify
Potions
 B - a potion of curing
Comestibles
 f - 7 rations


   Skills:
 + Level 7.2 Fighting
 * Level 8.5 Polearms
 + Level 7.0 Armour
 + Level 7.9 Shields


You had 9 spell levels left.
You didn't know any spells.
Your spell library contained the following spells:

 Spells                   Type           Power        Failure   Level  Hunger
 Magic Dart               Conj           #...         75%         1    ##.....
 Shock                    Conj/Air       #...         75%         1    ##.....
 Searing Ray              Conj           #.....       87%         2    ###....
 Swiftness                Chrm/Air       #.......     87%         2    ###....
 Dazzling Spray           Conj/Hex       #.....       98%         3    ####...
 Static Discharge         Conj/Air       #.......     98%         3    ####...
 Airstrike                Air            #.........   100%        4    #####..
 Force Lance              Conj/Tloc      #.......     100%        4    #####..
 Fulminant Prism          Conj/Hex       #.........   100%        4    #####..
 Iskenderun's Mystic Bla  Conj           #.......     100%        4    #####..
 Bolt of Magma            Conj/Fire/Erth #.........   100%        5    ######.
 Iskenderun's Battlesphe  Conj/Chrm      #.......     100%        5    ######.
 Lightning Bolt           Conj/Air       #.........   100%        5    ######.
 Venom Bolt               Conj/Pois      #.........   100%        5    ######.
 Iron Shot                Conj/Erth      #.........   100%        6    #######
 Orb of Destruction       Conj           #.........   100%        7    #######
 Spellforged Servitor     Conj/Summ      #.........   100%        7    #######


Dungeon Overview and Level Annotations

Branches:
Dungeon (8/15)             Temple (1/1) D:6
   Lair: D:8-11

Altars:
Cheibriados
Dithmenos
Elyvilon
Fedhas
Gozag
Hepliaklqana
Kikubaaqudgha
Makhleb
Okawaru
Qazlal
Ru
Uskayaw
Vehumet
Wu Jian
Xom
Yredelemnul
The Shining One

Shops:
D:4 (

Annotations:
D:2 1 runed translucent door, exclusion: door, Crazy Yiuf
D:7 Joseph


Innate Abilities, Weirdness & Mutations

You cannot be hasted, slowed, berserked, paralysed or teleported.
You can dig through walls and to a lower floor.
Your four strong arms can wield two-handed weapons with a shield.
You have a pair of large antennae on your head. (SInv)


Message History

You hit Joseph but do no damage.
Joseph is moderately wounded.
You block Joseph's attack.
You hit Joseph.
Joseph is heavily wounded.
Joseph hits you but does no damage.
You barely miss Joseph.
Joseph is heavily wounded.
Joseph hits you with a +0 quarterstaff!
* * * LOW HITPOINT WARNING * * *
You block Joseph's attack. x2
Joseph shouts, "I love to fight!
I love killing!"
You block Joseph's attack.
Joseph unwields a +0 quarterstaff.
Joseph wields a +0 hunting sling.
Joseph shoots a sling bullet.
You block the sling bullet.
Things that are here:
10 gold pieces; a sling bullet Joseph shoots a sling bullet.
The sling bullet hits you.
You die...
Your body crumbles into a pile of gold.

#.##.. #...<. ###### #..###
#....# #....# ######
#####.##.# ##.#.#
......#######.....##.# #.#.#
...........##.######.# #.#.#
...........##.######.####...#
...........$@.(..............
...!.....@.#########.######.#
.......(...# #.....# #.#
........########.##### #.#
.....>.............# #.#
..............z..#.# #.#
.).........#######.# #.#
####.......# # #.# #.......#
#.#


You could see Joseph.

Vanquished Creatures
  A hornet (D:7)
  Prince Ribbit (D:5)
  A spriggan (D:7)
  A phantom (D:5)
  A sky beast (D:5)
  2 ogres
  A big kobold (D:7)
  5 bullfrogs
  A wyvern zombie (D:7)
  4 scorpions
  5 wights
  A howler monkey (D:6)
  A centaur zombie (D:5)
  A bullfrog zombie (D:5)
  A crimson imp (D:6)
  2 bullfrog skeletons (D:6)
  5 hounds
  A quasit (D:6)
  A jelly (D:6)
  2 centaur skeletons (D:4)
  Natasha (thrice) (D:3)
  2 iguanas
  10 worker ants
  2 orc wizards
  A hound skeleton (D:5)
  4 gnolls
  2 adders
  A shadow imp (D:6)
  A worm (D:2)
  A dart slug (D:4)
  A leopard gecko (D:3)
  11 orcs
  5 giant cockroaches
  7 goblins
  6 jackals (D:1)
  8 kobolds
  6 bats
  4 frilled lizards
  A jackal zombie (D:5)
  A leopard gecko zombie (D:5)
  5 rats
120 creatures vanquished.

Notes
Turn   | Place    | Note
-------+----------+-------------------------------------------
     0 | D:1      | robertkovacs the Formicid Fighter began the quest for the
                  | Orb.
     0 | D:1      | Reached XP level 1. HP: 18/18 MP: 1/1
   169 | D:1      | Reached XP level 2. HP: 19/24 MP: 2/2
  1018 | D:2      | Reached XP level 3. HP: 28/29 MP: 3/3
  1510 | D:2      | You fall into a shaft and drop 1 floor!
  1711 | D:2      | Found an ancient bone altar of Kikubaaqudgha.
  1712 | D:2      | Found a blossoming altar of Fedhas.
  1829 | D:2      | Found a runed translucent door.
  1830 | D:2      | Noticed Crazy Yiuf
  2063 | D:3      | Reached skill level 3 in Polearms
  2199 | D:3      | Reached XP level 4. HP: 28/37 MP: 4/4
  2342 | D:3      | Found a shadowy altar of Dithmenos.
  2442 | D:3      | Noticed Natasha
  2455 | D:3      | Killed Natasha
  2455 | D:3      | Reached XP level 5. HP: 37/42 MP: 5/5
  2570 | D:3      | Noticed Natasha
  2579 | D:3      | Killed Natasha
  2586 | D:3      | Noticed Natasha
  2601 | D:3      | Killed Natasha
  2800 | D:5      | Entered Level 5 of the Dungeon
  2997 | D:4      | Reached skill level 4 in Polearms
  2997 | D:4      | Reached XP level 6. HP: 34/48 MP: 6/6
  3360 | D:4      | Found Qamalaph's Antique Weapon Boutique.
  3546 | D:4      | Reached skill level 5 in Shields
  3731 | D:4      | Reached XP level 7. HP: 14/55 MP: 7/7
  4139 | D:4      | Reached skill level 5 in Polearms
  4410 | D:5      | Reached skill level 5 in Fighting
  4547 | D:5      | Found a sacrificial altar of Ru.
  4561 | D:5      | Became a worshipper of Ru the Awakened
  4674 | D:5      | Reached XP level 8. HP: 60/62 MP: 8/8
  4758 | D:5      | Reached skill level 5 in Armour
  5091 | D:5      | Reached skill level 6 in Polearms
  5474 | D:5      | Found a stormy altar of Qazlal.
  5674 | D:6      | Noticed Prince Ribbit
  5702 | D:5      | Killed Prince Ribbit
  5983 | D:6      | Found a staircase to the Ecumenical Temple.
  5993 | Temple   | Entered the Ecumenical Temple
  6038 | Temple   | Fell from the grace of Ru
  6038 | Temple   | Became a worshipper of Gozag Ym Sagoz the Greedy
  6407 | D:6      | Reached XP level 9. HP: 53/69 MP: 9/9
  6408 | D:6      | Reached skill level 7 in Polearms
  7191 | D:4      | Bought a glowing trident for 208 gold pieces
  7662 | D:7      | Found a radiant altar of Vehumet.
  7688 | D:7      | Noticed a hornet
  7714 | D:7      | Killed a hornet
  8109 | D:6      | Reached skill level 8 in Polearms
  8906 | D:8      | Noticed a two-headed ogre
  8958 | D:7      | Noticed Joseph
  8988 | D:7      | Reached XP level 10. HP: 51/79 MP: 10/10
  9013 | D:7      | HP: 2/79 [Joseph/+0 quarterstaff (11)]
  9017 | D:7      | Shot with a sling bullet by Joseph

Levels and vault maps discovered:
D:1:      dpeg_arrival_rooms_c, layout_basic
D:2:      layout_basic, grunt_temple_overflow_growth_and_decay,
          uniq_crazy_yiuf_cottage
D:3:      layout_basic, first_ration, grunt_dithmenos_smoke, uniq_natasha
D:4:      layout_layer_cave, serial_shops, kennysheep_mini
D:5:      layout_basic, basic_altar, hex_intersection,
          chequers_serial_rivers_marsh, grunt_ministairs_14, minmay_holes,
          nicolae_sextant, nicolae_qazlal_general_emergency
D:6:      layout_loops_corners, minmay_temple_entry_arrows, hex_medium,
          uniq_prince_ribbit1
D:7:      layout_basic, kennysheep_little_box, the_bakery,
          serial_bayou_lagoon_a, uniq_joseph
D:8:      wander_river, layout_rooms, uniq_maurice
Temple:   minmay_temple_bridge_abc

Skill      XL: |  1  2  3  4  5  6  7  8  9 |
---------------+----------------------------+-----
Shields        | 4 5 6 7 |  7.9
Polearms       | 3 4 5 6 8 |  8.5
Fighting       | 4 5 6 7 |  7.2
Armour         | 4 5 7 |  7.0

Action                   |  1- 3 |  4- 6 |  7- 9 | 10-12 || total
-------------------------+-------+-------+-------+-------++-------
Melee: Trident           |   145 |   132 |   509 |    16 ||   802
Throw: Stone             |       |       |    16 |       ||    16
 Abil: Dig               |       |       |     1 |       ||     1
  Use: Scroll            |       |     5 |     4 |       ||     9
       Potion            |       |     1 |     2 |     1 ||     4
 Stab: Distracted        |       |       |     1 |       ||     1
  Eat: Chunk             |     3 |     1 |     2 |       ||     6
       Ration            |     1 |     1 |     4 |       ||     6
Armor: Scale mail        |    52 |    29 |   149 |     5 ||   235
       Plate armour      |       |    10 |       |       ||    10
Dodge: Dodged            |    39 |    34 |   138 |     5 ||   216
Block: Shield            |    75 |    48 |   257 |    13 ||   393
       Large shield      |       |    19 |       |       ||    19

Table legend:
 A = Non-vault XP
 B = Vault XP
 C = Vault XP percentage of total XP
 D = Non-vault monster count
 E = Vault monster count
 F = Vault count percentage of total count
                 A         B        C        D         E       F
            +---------+---------+-------+---------+---------+-------
      Total |    3370 |     564 |  14.3 |     115 |       5 |   4.2
            +---------+---------+-------+---------+---------+-------
        D:1 |      26 |       0 |   0.0 |      17 |       0 |   0.0
        D:2 |      30 |       0 |   0.0 |      11 |       0 |   0.0
        D:3 |     145 |      35 |  19.4 |      14 |       1 |   6.7
        D:4 |     442 |       0 |   0.0 |      17 |       0 |   0.0
        D:5 |     679 |     305 |  31.0 |      19 |       3 |  13.6
        D:6 |    1056 |       0 |   0.0 |      21 |       0 |   0.0
        D:7 |     992 |     224 |  18.4 |      16 |       1 |   5.9
            +---------+---------+-------+---------+---------+-------
